[Event "*** SCC Grand Prix: Titled Tuesday Blitz"]
[Site "Chess.com"]
[Date "2020.09.29"]
[Round "8"]
[White "GMKrikor"]
[Black "DenisQ"]
[Result "1/2-1/2"]
[WhiteElo "2799"]
[BlackElo "2636"]
[TimeControl "180+1"]
[EndTime "11:33:58 PDT"]
[Termination "Game drawn by stalemate"]

1. e4 c6 2. d4 d5 3. Nc3 dxe4 4. Nxe4 Bf5 5. Ng3 Bg6 6. h4 h6 7. Nf3 e6 8. h5 Bh7 9. Bd3 Bxd3 10. Qxd3 Nf6 11. Bd2 Be7 12. O-O-O O-O 13. Kb1 Nbd7 14.
Ne4 Nxe4 15. Qxe4 Nf6 16. Qe2 Qd5 17. Ne5 Rad8 18. Be3 c5 19. f3 cxd4 20. Bxd4 Qa5 21. c4 Bc5 22. Bxc5 Qxc5 23. g4 Qc7 24. Rhe1 Rxd1+ 25. Rxd1 Rd8 26. Rxd8+ Qxd8 27. Nd3 Qd4 28. b3 Nd7 29. Kc2 Kf8 30. Qf2 Qxf2+ 31. Nxf2 g6 32.
hxg6 fxg6 33. Kd3 Ke7 34. Kd4 h5 35. g5 Kd6 36. Ne4+ Kc6 37. f4 h4 38. Nf2 a5 39.
a3 b5 40. cxb5+ Kxb5 41. Ke3 Nc5 42. b4 axb4 43. axb4 Kxb4 44. Kd4 Nd7 45. Nh3 Kb3 46.
Kd3 Kb2 47. Kd2 Kb3 48. Kd3 Kb2 49. Kd2 e5 50. fxe5 Nxe5 51. Ke3 Kc3 52. Ke4 Nf7 53. Kf4 Kd4 54. Kg4 Ke5 55. Kxh4 Kf5 56. Kg3 Nxg5 57. Ng1 Ne4+ 58. Kf3 g5 59. Kg2 g4 60. Ne2 Ke5 61. Ng3 Nxg3 62. Kxg3 Kf5 63. Kg2 Kf4 64. Kf2 g3+ 65. Kg2 Kg4 66. Kg1 Kf3 67. Kf1 g2+ 68. Kg1 Kg3 1/2-1/2

[Event "*** SCC Grand Prix: Titled Tuesday Blitz"]
[Site "Chess.com"]
[Date "2020.09.29"]
[Round "8"]
[White "FMalexhdez"]
[Black "ErikRonka"]
[Result "0-1"]
[WhiteElo "2252"]
[BlackElo "2480"]
[TimeControl "180+1"]
[EndTime "11:33:58 PDT"]
[Termination "ErikRonka won on time"]

1. e4 g6 2. d4 Bg7 3. Nc3 a6 4. f4 b6 5. Nf3 Bb7 6. Be2 d6 7.
e5 Nd7 8. O-O e6 9. Be3 Ne7 10.
Bf2 O-O 11. Bh4 Qe8 12. Bxe7 Qxe7 13. Bd3 c5 14. dxc5 dxe5 15. fxe5 Qxc5+ 16. Kh1 Nxe5 17.
Ne4 Qe7 18. Nxe5 Bxe5 19. Qe2 Bg7 20. c3 b5 21. a4 b4 22. cxb4 Qxb4 23. Nf6+ Kh8 24.
Ne4 Rae8 25. Rac1 f5 26. Ng5 Bh6 27. Qe5+ Bg7 28. Qe3 Qg4 29. Nf3 Re7 30. Rc4 f4 31. Qc5 Rfe8 32. Be4 Bxe4 33. Rxe4 e5 34. Rfe1 Qf5 35.
Qd6 g5 36. Qxa6 g4 37. Nh4 Qg5 38. g3 fxg3 39. hxg3 Qd2 40. Qe2 Qxe2 41. R1xe2 Rb7 42.
Nf5 Bf6 43. Ne3 Reb8 44. Nxg4 Bg7 45. Nxe5 Rxb2 46. Rxb2 Rxb2 47. Nf7+ Kg8 48. a5 Kxf7 49. a6 Ra2 50. Rf4+ Kg6 51. Rg4+ Kf7 52. Rh4 h6 53.
Rf4+ Bf6 54. Kg1 Rxa6 55. Kg2 Re6 56. Kh3 Kg6 57. Kg4 Re5 58. Rb4 Rg5+ 59. Kh3 h5 60. Rc4 Rd5 61. Rf4 Rd3 0-1

[Event "*** SCC Grand Prix: Titled Tuesday Blitz"]
[Site "Chess.com"]
[Date "2020.09.29"]
[Round "8"]
[White "OK97"]
[Black "chessfrendz"]
[Result "1-0"]
[WhiteElo "2775"]
[BlackElo "2358"]
[TimeControl "180+1"]
[EndTime "11:33:59 PDT"]
[Termination "OK97 won on time"]

1. d4 Nf6 2. c4 e6 3. Nc3 d5 4. cxd5 exd5 5. Bg5 Be7 6. e3 O-O 7. Bd3 c6 8. Qc2 Nbd7 9. Nge2 Re8 10. O-O Nf8 11.
f3 b6 12. Rad1 Bb7 13. Kh1 Rc8 14. Bh4 c5 15. Bb5 N6d7 16. Bf2 a6 17. Bxd7 Qxd7 18.
dxc5 bxc5 19. Nf4 d4 20. exd4 cxd4 21. Bxd4 Qc7 22. Nh5 Ne6 23. Bf2 g6 24. Ng3 Nf4 25.
Qc1 Bb4 26. Bd4 Ne6 27. Bf6 Qf4 28. Qxf4 Nxf4 29. Nge4 Re6 30. Bg5 Nh5 31. a3 Bxc3 32. Nxc3 f6 33. Bc1 Rc7 34. Rd8+ Kf7 35. Rfd1 Ng7 36.
R8d7+ Re7 37. Rxc7 Rxc7 38. Bf4 Re7 39. Kg1 Ne6 40. Be3 f5 41. Kf2 f4 42. Bb6 g5 43.
Rd6 Ng7 44. Bc5 Nf5 45. Rd2 Rc7 46. Bb6 Re7 47. Bc5 Rc7 48. Bb6 Re7 49. b4 Ne3 50.
Bc5 Nc4 51. Ra2 1-0

[Event "*** SCC Grand Prix: Titled Tuesday Blitz"]
[Site "Chess.com"]
[Date "2020.09.29"]
[Round "8"]
[White "Forantes"]
[Black "KyronGriffith"]
[Result "1-0"]
[WhiteElo "2384"]
[BlackElo "2505"]
[TimeControl "180+1"]
[EndTime "11:34:01 PDT"]
[Termination "Forantes won by resignation"]

1. Nf3 Nf6 2. g3 g6 3. Bg2 Bg7 4. O-O O-O 5. d4 d6 6. c4 c6 7. Nc3 Qa5 8. e4 e5 9. Re1 Nbd7 10. dxe5 dxe5 11. Bg5 h6 12. Bd2 Qc7 13. b4 Rd8 14. Qb3 Nf8 15. Rad1 Bg4 16. h3 Bxf3 17. Bxf3 Ne6 18. Be3 a5 19. bxa5 Nd4 20. Bxd4 exd4 21.
Ne2 Qxa5 22. Nf4 Qc7 23. e5 Nd7 24. e6 Ne5 25. Be4 g5 26. Nh5 fxe6 27. c5 Qf7 28. Nxg7 Kxg7 29. Bg2 Nd7 30. Qxe6 Qxe6 31. Rxe6 Nxc5 32.
Re5 Nd7 33. Re7+ Kf6 34. Rh7 Nc5 35. Rxh6+ Kg7 36. Rh5 Kg6 37. g4 d3 38. f4 Ra5 39.
Rxg5+ Kf6 40. Rf5+ Ke7 41. Re5+ Kd6 42. Be4 Kc7 43. Bxd3 b6 44. Be2 Rxd1+ 45. Bxd1 Rxa2 46. Bf3 Nd3 47. Re3 Nxf4 48. Rc3 c5 49. h4 Kd6 50. g5 b5 51. h5 b4 52. Re3 c4 53. g6 c3 54. g7 c2 55. Re1 Ra8 56. Bxa8 Ne2+ 57.
Kf2 Nf4 58. g8=Q Nd3+ 59. Ke2 Nxe1 60. Qd5+ Ke7 61. Qc5+ Kf6 62. Kxe1 b3 63. Kd2 1-0

[Event "*** SCC Grand Prix: Titled Tuesday Blitz"]
[Site "Chess.com"]
[Date "2020.09.29"]
[Round "8"]
[White "Alexander_Moskalenko"]
[Black "Sibelephant"]
[Result "1-0"]
[WhiteElo "2852"]
[BlackElo "3036"]
[TimeControl "180+1"]
[EndTime "11:34:03 PDT"]
[Termination "Alexander_Moskalenko won by resignation"]

1. c4 e5 2. Nc3 Nf6 3. Nf3 Nc6 4. d3 g6 5. g3 Bg7 6. Bg2 O-O 7. O-O Re8 8. Rb1 a5 9. Bg5 h6 10. Bxf6 Bxf6 11. a3 d6 12. b4 axb4 13. axb4 Bg7 14. b5 Ne7 15. e3 c6 16. Nd2 Bf5 17. Qc2 Qd7 18. bxc6 bxc6 19. Nb3 Reb8 20.
h4 Rb4 21. Nd2 Rxb1 22. Rxb1 d5 23. cxd5 cxd5 24. e4 dxe4 25. Ndxe4 Rc8 26. Qd2 Nc6 27. Nd5 Qd8 28. Ne3 Bd7 29. Rb7 Nd4 30. Nd5 Rc6 31.
Qb4 Kh7 32. Kh2 Be6 33. Ne7 Rc7 34. Qa5 Rd7 35. Qxd8 Rxd8 36. Nc5 Ba2 37. h5 gxh5 38.
Be4+ Kh8 39. Nf5 Nxf5 40. Bxf5 Bd5 41. Ra7 Bf6 42. Be4 Kg7 43. Nd7 Bxe4 44. dxe4 h4 45. Kh3 hxg3 46. fxg3 Rc8 47. Kg4 Rc4 48. Kf5 Rc1 49.
Nxf6 Rf1+ 50. Kxe5 Rxf6 51. Ra3 Kg6 52. Ra8 Rf3 53. Rg8+ Kh7 54. Rg4 h5 55. Rg5 Kh6 56. Rf5 Rxg3 57. Rxf7 h4 58. Rf8 Kg7 59. Rf5 Kg6 60.
Rf8 h3 61. Rg8+ Kh5 62. Rxg3 Kh4 63. Rxh3+ Kxh3 64. Kf5 1-0

[Event "*** SCC Grand Prix: Titled Tuesday Blitz"]
[Site "Chess.com"]
[Date "2020.09.29"]
[Round "8"]
[White "Fh2411"]
[Black "ChrisTool2"]
[Result "1-0"]
[WhiteElo "2531"]
[BlackElo "2347"]
[TimeControl "180+1"]
[EndTime "11:34:03 PDT"]
[Termination "Fh2411 won by resignation"]

1. d4 Nf6 2. Nf3 e6 3. Bg5 c5 4. e3 cxd4 5. exd4 d5 6. c3 Be7 7.
Bd3 O-O 8. Nbd2 Nbd7 9. O-O Nh5 10. Be3 f5 11. Nb3 Nhf6 12. Bg5 Ne4 13. Bxe7 Qxe7 14.
Qe2 Ndf6 15. Ne5 Bd7 16. f3 Nd6 17. Nc5 Be8 18. Rae1 b6 19. Nb3 Bh5 20. Qd2 Rae8 21. Nc1 Nd7 22. Nxd7 Qxd7 23. Qf4 Bg6 24. Bc2 Nc4 25.
Nd3 Qd6 26. Qxd6 Nxd6 27. Nf4 Bf7 28. h4 g6 29. Bb3 b5 30. Re2 Re7 31. Nxd5 Rb7 32.
Nf4 Nc4 33. Nd3 Re8 34. Ne5 Rc7 35. Rfe1 Kg7 36. Kf2 Bg8 37. Bxc4 bxc4 38. f4 Rb8 39.
Rd1 Rcb7 40. Rdd2 Kf6 41. Nxc4 h6 42. Ne5 g5 43. hxg5+ hxg5 44. g3 gxf4 45. gxf4 Rh7 46. Nf3 Bf7 47. Ng5 Rh4 48. Ke3 Bh5 49. Rh2 Rxh2 50.
Rxh2 Bg6 51. b3 Rc8 52. c4 Rd8 53. Kd3 e5 54. d5 exf4 55. Nf3 Re8 56. Re2 Rh8 57. Kd4 Rh3 58. Re6+ Kg7 59. Ne5 Bh5 60. Re7+ Kf6 61. Re6+ Kg7 62. d6 Be2 63. d7 Rd3+ 64.
Nxd3 f3 65. d8=Q 1-0

[Event "*** SCC Grand Prix: Titled Tuesday Blitz"]
[Site "Chess.com"]
[Date "2020.09.29"]
[Round "8"]
[White "lider34"]
[Black "Teidi96"]
[Result "0-1"]
[WhiteElo "2389"]
[BlackElo "2316"]
[TimeControl "180+1"]
[EndTime "11:34:03 PDT"]
[Termination "Teidi96 won on time"]

1. e4 c5 2. c3 Nf6 3. e5 Nd5 4. d4 cxd4 5. Nf3 e6 6. cxd4 d6 7. Nc3 Nxc3 8. bxc3 Qc7 9. Bd2 Nd7 10. exd6 Bxd6 11. Bd3 Nf6 12. O-O b6 13. Re1 Bb7 14. h3 O-O 15. c4 Bf4 16. Ne5 Bxd2 17. Qxd2 Rfd8 18. Rad1 Rac8 19. Re3 g6 20. Bb1 Nd7 21. Nxd7 Rxd7 22. Rc1 Qd8 23. d5 exd5 24. cxd5 Rxc1+ 25. Qxc1 Rxd5 26. Re1 Rg5 27. Be4 Bxe4 28. Rxe4 Rd5 29.
Qe3 Rd1+ 30. Kh2 Qd6+ 31. f4 Rd3 32. Qe1 Rd4 33. Rxd4 Qxd4 34. Qe8+ Kg7 35. Qb8 a5 36.
a4 h6 37. Kg3 Qxa4 38. Qe5+ Kh7 39. Qc7 Qb3+ 40. Kh2 a4 41. f5 gxf5 42. Qe5 Qe6 43. Qc3 b5 44. Qc5 Kg6 45. Qxb5 Qe4 46. Qb8 Kf6 47. Qh8+ Ke7 48. Qxh6 a3 49. Qg5+ Ke6 50. Qh6+ f6 51. Qf8 Qe5+ 52. Kh1 a2 53. Qe8+ Kd6 54. Qd8+ Kc6 55. Qa8+ Kd6 56. Qxa2 Qe1+ 57. Kh2 f4 0-1

[Event "*** SCC Grand Prix: Titled Tuesday Blitz"]
[Site "Chess.com"]
[Date "2020.09.29"]
[Round "8"]
[White "PavelShkapenko"]
[Black "chessdjw"]
[Result "1-0"]
[WhiteElo "2716"]
[BlackElo "2632"]
[TimeControl "180+1"]
[EndTime "11:34:04 PDT"]
[Termination "PavelShkapenko won by resignation"]

1. e4 c5 2. c3 Nf6 3. e5 Nd5 4. d4 cxd4 5. cxd4 d6 6. Nf3 Nc6 7. Bc4 Nb6 8. Bb3 dxe5 9. d5 Na5 10. Nc3 Nxb3 11. Qxb3 e6 12. Nxe5 Bd6 13. Qb5+ Kf8 14. Nf3 exd5 15. O-O Bg4 16. Qd3 Qf6 17. Nxd5 Nxd5 18.
Qxd5 Bxf3 19. Qxf3 Qxf3 20. gxf3 f6 21. Be3 Kf7 22.
Rad1 Rhd8 23. Kg2 Be5 24. f4 Bd6 25. Rd3 Be7 26. Rfd1 Rxd3 27. Rxd3 Ke6 28. f5+ Kxf5 29. Rd7 Ke6 30. Rxb7 a5 31. a4 g5 32. Bd2 h5 33.
Rb5 Bd8 34. Bc3 Ra6 35. h3 Bc7 36. Kf3 f5 37. Kg2 g4 38. f3 gxf3+ 39. Kxf3 Ra8 40. Bd2 Ra7 41. Bf4 Bd8 42. Bd2 Bc7 43. b3 Ra6 44.
Bf4 Bd8 45. Re5+ Kf6 46. Rd5 Be7 47. Bd2 Bb4 48. Bxb4 axb4 49. Kf4 Rc6 50. Rxf5+ Kg6 51. Rg5+ Kh6 52. Rb5 Rc3 53. Rb6+ Kg7 54. Rxb4 Rxh3 55. Kg5 Kf7 56. a5 Rh1 57. a6 Rg1+ 58. Kxh5 Rg8 59. Rb7+ Ke6 60. b4 Ra8 61. b5 Kd6 62. a7 Kc5 63. b6 Kc6 64. Rb8 Rxa7 65. bxa7 Kc7 66. a8=Q 1-0

[Event "*** SCC Grand Prix: Titled Tuesday Blitz"]
[Site "Chess.com"]
[Date "2020.09.29"]
[Round "8"]
[White "IANOV0007"]
[Black "TC2304"]
[Result "1-0"]
[WhiteElo "2492"]
[BlackElo "2317"]
[TimeControl "180+1"]
[EndTime "11:34:04 PDT"]
[Termination "IANOV0007 won by resignation"]

1. Nf3 Nf6 2. g3 c5 3. c4 g6 4.
Bg2 Bg7 5. Nc3 O-O 6. O-O Nc6 7. d4 cxd4 8. Nxd4 Qa5 9. Nb3 Qh5 10. e4 d6 11. Qxh5 Nxh5 12. Bd2 Bd7 13. Rac1 Nd4 14. Nxd4 Bxd4 15. b3 Bc6 16. Nd5 Rae8 17. Bg5 f6 18.
Bh6 Rf7 19. Rfd1 Bb2 20. Rc2 Ba3 21. Be3 b6 22. Bh3 e6 23. Nc3 f5 24. Bg2 f4 25.
Bd4 e5 26. Nb1 exd4 27. Nxa3 Bxe4 28. Re1 f3 29. Bf1 Rfe7 30. Rd2 d3 31. Nb5 d5 32.
cxd5 Bxd5 33. Rxe7 Rxe7 34. Rxd3 Bb7 35. Rd1 Nf6 36.
Bc4+ Kg7 37. Nd6 Bc6 38. a4 a5 39. h4 Ng4 40. Nc8 Rc7 41. Nxb6 Be4 42. Nd5 Rb7 43.
Nc3 Bf5 44. Nb5 Re7 45. Nd6 Bc2 46. Rc1 Bf5 47. Nxf5+ gxf5 48. Bd5 Ne5 49. Re1 Kf6 50. Re3 Rd7 51. Bxf3 Rd1+ 52. Kg2 Rd2 53. Be2 Rb2 54. Bc4 h6 55. Kf1 Nxc4 56. bxc4 Rc2 57. Rd3 Rxc4 58. Rd6+ Kg7 59. Rd5 Rxa4 60. Rxf5 Kg6 61. Rb5 h5 62.
Rg5+ Kh6 63. Kg2 Ra2 64. Rf5 a4 65. Ra5 a3 66. Kf3 Kg6 67. Ke3 Kh6 68. Ra6+ Kg7 69.
f3 Rg2 70. Kf4 a2 71. g4 hxg4 72. fxg4 Rf2+ 73. Kg5 Rb2 74. Ra7+ Kg8 75. h5 Kh8 76. h6 Kg8 77. Kh5 Rh2+ 78. Kg6 Kf8 79. h7 Rh1 80. Rxa2 1-0

[Event "*** SCC Grand Prix: Titled Tuesday Blitz"]
[Site "Chess.com"]
[Date "2020.09.29"]
[Round "8"]
[White "ajgreen"]
[Black "ORS1984"]
[Result "1-0"]
[WhiteElo "2390"]
[BlackElo "2508"]
[TimeControl "180+1"]
[EndTime "11:34:05 PDT"]
[Termination "ajgreen won on time"]

1. e4 c5 2. Nf3 d6 3. d4 cxd4 4.
Nxd4 Nf6 5. Nc3 Nc6 6. Bg5 e6 7.
Qd2 a6 8. f4 Bd7 9. O-O-O Be7 10. Be2 Rc8 11. Rhf1 Qc7 12. Kb1 h6 13. Bh4 b5 14.
Bxf6 gxf6 15. f5 Nxd4 16. Qxd4 Qc5 17. Bh5 Qxd4 18. Rxd4 O-O 19. Bg4 Rc5 20. Ne2 e5 21. Rd2 Bc6 22. Bf3 Rd8 23. Rfd1 b4 24. b3 a5 25. c4 bxc3 26. Rc2 d5 27. exd5 Bxd5 28. Bxd5 Rcxd5 29. Rxd5 Rxd5 30. Nxc3 Rd4 31. Ne2 Re4 32. Kc1 Ba3+ 33. Kd2 h5 34. Kd3 Rg4 35. g3 h4 36.
h3 Rg5 37. g4 Kh7 38. Rc8 Rg8 39. Rxg8 Kxg8 40. Ke4 Kf8 41. Nc3 Bb2 42. Nd5 Kg7 43.
Nc7 Bc1 44. Kd5 Bd2 45. Ne8+ Kh6 46. Nxf6 Kg5 47. Nh5 f6 48. Ke4 Be1 49. Ng7 Kh6 50. Ne8 Bc3 51. Nxf6 Bb2 52. Nd5 Kg5 53. Nb6 Kf6 54. Nd7+ Ke7 55. Nxe5 Kd6 56. g5 Kc5 57. Nd3+ 1-0

[Event "*** SCC Grand Prix: Titled Tuesday Blitz"]
[Site "Chess.com"]
[Date "2020.09.29"]
[Round "8"]
[White "Rogarcia1"]
[Black "VladaSviridova"]
[Result "1-0"]
[WhiteElo "2106"]
[BlackElo "2224"]
[TimeControl "180+1"]
[EndTime "11:34:06 PDT"]
[Termination "Rogarcia1 won on time"]

1. e4 e6 2. d4 d5 3. e5 c5 4. c3 Qb6 5. Nf3 Nc6 6. Be2 cxd4 7. cxd4 Nge7 8. Na3 Nf5 9. Nc2 Bd7 10. O-O Rc8 11.
g4 Nfe7 12. Nfe1 Nb4 13. f4 h5 14. Be3 hxg4 15. Bxg4 g6 16. Nxb4 Qxb4 17. Nd3 Qb6 18. Nc5 Bb5 19. Rf2 Nf5 20. Bxf5 gxf5 21. a4 Bd7 22. b4 Be7 23. Qd2 Bh4 24. Rg2 Ke7 25. b5 Rcg8 26. Qb4 Rxg2+ 27. Kxg2 Kd8 28.
Rc1 Be7 29. Rb1 Rg8+ 30. Kh1 Bc8 31. a5 Qc7 32. Qc3 b6 33. Na4 Qxc3 34. Nxc3 bxa5 35. Ra1 Bb4 36. Na4 Bd7 37. Nc5 Bxb5 38. Nb7+ Kc7 39.
Nxa5 Bxa5 40. Rxa5 Kb6 41. Ra2 a5 42. Rb2 a4 43. h4 Rg4 44. Rh2 Bd3 45. Rb2+ Ka6 46. Kh2 Be4 47. Kh3 Rg8 48. h5 Rh8 49. Kh4 Ka5 50. Kg5 a3 51. Rh2 Ka4 52. Bc1 Kb3 53.
Rh3+ Kc2 54. Bxa3 Kd2 55. h6 Ke2 56. Kf6 Kf2 57. Kg7 Ra8 58. h7 Kg2 59. h8=Q 1-0

[Event "*** SCC Grand Prix: Titled Tuesday Blitz"]
[Site "Chess.com"]
[Date "2020.09.29"]
[Round "8"]
[White "sjam6687"]
[Black "UmarovSabir"]
[Result "1-0"]
[WhiteElo "2531"]
[BlackElo "2368"]
[TimeControl "180+1"]
[EndTime "11:34:10 PDT"]
[Termination "sjam6687 won on time"]

1. d4 g6 2. e4 Bg7 3. Nf3 c6 4. c3 d5 5. e5 Nh6 6. h3 f6 7. Bd3 O-O 8. O-O Nd7 9. exf6 exf6 10. Bf4 Nf7 11. Re1 Re8 12. Nbd2 Nf8 13. Rxe8 Qxe8 14.
Qb3 Ne6 15. Re1 Qf8 16. Bg3 b5 17. a4 a6 18. Ra1 Bd7 19. axb5 axb5 20. Qd1 Bh6 21.
Nb3 Kg7 22. Bf1 Bf4 23. Bxf4 Nxf4 24. Nc5 Rxa1 25. Qxa1 Bf5 26. Qa7 Be4 27. Qc7 Qd6 28.
Qxd6 Nxd6 29. Nd2 Bc2 30. g3 Nh5 31. Ne6+ Kf7 32. Nd8+ Ke8 33. Nxc6 Kd7 34. Nb4 Be4 35. f3 Bb1 36. Nxb1 Nxg3 37. Nd2 Ke6 38. Kg2 Ngf5 39. Kf2 g5 40. Nd3 h5 41. Nc5+ Ke7 42.
Bd3 Ng7 43. Nf1 h4 44. Ne3 f5 45. Nxd5+ Kf7 46. Ne3 f4 47. Ng4 Nge8 48. Ne5+ Kf6 49. Ne4+ Nxe4+ 50. fxe4 Nd6 51. Nf3 Nc4 52. Bxc4 bxc4 53.
Nd2 g4 54. hxg4 Kg5 55. Kf3 h3 56. Nf1 Kh4 57. Kxf4 h2 58. Nxh2 1-0

[Event "*** SCC Grand Prix: Titled Tuesday Blitz"]
[Site "Chess.com"]
[Date "2020.09.29"]
[Round "8"]
[White "TokChess"]
[Black "ViktoriyaTarasova"]
[Result "1-0"]
[WhiteElo "2404"]
[BlackElo "2274"]
[TimeControl "180+1"]
[EndTime "11:34:10 PDT"]
[Termination "TokChess won by resignation"]

1. c4 c5 2. g3 Nc6 3. Bg2 e5 4.
Nc3 g6 5. Nf3 Bg7 6. O-O Nge7 7.
a3 a5 8. Rb1 O-O 9. Ne1 d6 10.
Nc2 Be6 11. d3 d5 12. cxd5 Nxd5 13. Ne3 Nde7 14. Ne4 b6 15. Bd2 Rc8 16. b4 axb4 17.
axb4 cxb4 18. Bxb4 Nxb4 19. Rxb4 Nc6 20. Rb1 f5 21. Nd2 Nd4 22. Nf3 f4 23. Nxd4 exd4 24. Nc4 Rb8 25. Rb5 Bd7 26. Rd5 Qe7 27. Qb3 Kh8 28. Rb1 fxg3 29. hxg3 b5 30. Nd6 Be6 31. Ne4 Bxd5 32. Qxd5 b4 33. Bf3 Rfd8 34. Qc4 Rdc8 35. Qd5 Qd8 36. Qe6 Qg8 37. Qd7 Rd8 38. Qc6 h6 39.
Kg2 Kh7 40. g4 Rdc8 41. Qd7 Qd8 42. Qf7 Qe8 43. Nf6+ Kh8 44. Nxe8 Rxe8 45. Qxg6 b3 46. Be4 Rxe4 47. Qxe4 b2 48. Qd5 Bf6 49. Qa2 Re8 50. Rxb2 Kg7 51. Rc2 Re7 52. Qd5 Kg6 53. Qd6 Kg7 54.
Rc7 Rxc7 55. Qxc7+ Kg6 56. Qc6 Kg5 57. Qe4 Kh4 58.
Qf5 Bg5 59. f4 h5 60. fxg5 hxg4 61. Qh7+ Kxg5 62. Kg3 Kf6 63. Qh5 Ke6 64. Kxg4 Kd6 65. Kf4 Kc6 66. Ke4 Kb6 67. Kxd4 1-0

[Event "*** SCC Grand Prix: Titled Tuesday Blitz"]
[Site "Chess.com"]
[Date "2020.09.29"]
[Round "8"]
[White "Rytenko_V"]
[Black "VMikhalevski"]
[Result "0-1"]
[WhiteElo "2535"]
[BlackElo "2723"]
[TimeControl "180+1"]
[EndTime "11:34:12 PDT"]
[Termination "VMikhalevski won by checkmate"]

1. d4 Nf6 2. g3 d5 3. Bg2 Bg4 4. c4 e6 5. Qb3 Nc6 6. cxd5 exd5 7. Nc3 Bb4 8. e3 a5 9. Bd2 O-O 10. Nge2 Re8 11. f3 Bf5 12. Kf2 a4 13. Qd1 a3 14. b3 h5 15. Re1 Qd7 16. Rc1 Bd6 17.
Nb5 Bf8 18. Nf4 Rac8 19. Bf1 Nb4 20. Bxb4 Bxb4 21. Nc3 c6 22. Nd3 Bd6 23. Na4 Qe7 24. Nac5 h4 25. Nf4 g5 26. Ng2 h3 27. e4 dxe4 28. Ne3 Bg6 29. Bxh3 Rcd8 30. Nf5 Bxf5 31. Bxf5 Be5 32. Nxe4 Bxd4+ 33. Kg2 Nd5 34. Qd2 Kg7 35.
Qxg5+ Qxg5 36. Nxg5 Ne3+ 37. Rxe3 Bxe3 38. Rc4 Bxg5 39.
h4 Rd2+ 40. Kh3 Bf6 41. Rg4+ Kh8 42. Rf4 Be5 43. Re4 Rd4 44. Re3 Rdd8 45. f4 Bc7 46.
Rc3 Rd2 47. Bb1 Rb2 48. Bf5 Rxa2 49. b4 Ra1 50. b5 a2 51. bxc6 bxc6 52. Kg4 Rg1 53. Ra3 a1=Q 54. Rxa1 Rxa1 55. Kg5 Ra3 56. g4 Bd8+ 57. Kh5 Rg8 58. g5 Rg3 59. Be6 fxe6 60.
Kh6 Rg7 61. h5 c5 62. g6 Be7 63. f5 Bf8 64. f6 Rh7# 0-1

[Event "*** SCC Grand Prix: Titled Tuesday Blitz"]
[Site "Chess.com"]
[Date "2020.09.29"]
[Round "8"]
[White "szefru"]
[Black "OlaaLa"]
[Result "1-0"]
[WhiteElo "2174"]
[BlackElo "2303"]
[TimeControl "180+1"]
[EndTime "11:34:12 PDT"]
[Termination "szefru won by resignation"]

1. e4 c5 2. Nf3 a6 3. b3 e6 4. Bb2 d5 5. exd5 Qxd5 6. Nc3 Qd8 7. Be2 Nf6 8. O-O Bd6 9. h3 O-O 10. d4 cxd4 11. Qxd4 Nc6 12. Qd2 Bc7 13. Rad1 Qxd2 14. Nxd2 b5 15. Bf3 Bb7 16. Nce4 Nxe4 17. Nxe4 Nb4 18.
a3 Nd5 19. Nc5 Bc6 20. a4 Bb6 21. axb5 axb5 22. Nd3 Ne7 23. Bxc6 Nxc6 24. Ra1 Rac8 25. c4 bxc4 26. bxc4 Ne7 27. Ba3 Rfe8 28. c5 Bc7 29. Rab1 Nd5 30. Rb7 Ra8 31. Bb2 f6 32. Nb4 Nxb4 33.
Rxb4 Rab8 34. Bc3 Rxb4 35. Bxb4 Rb8 36. Bd2 Rb2 37. Be3 Rc2 38. Rb1 h5 39. g3 Kh7 40.
Rb7 Be5 41. Kg2 Kg6 42. Re7 Kf5 43. Rxg7 Bc3 44. Rh7 Kg6 45. Rh6+ Kg7 46. Rxh5 f5 47. Rg5+ Kf6 48. h4 Bb4 49. Bd4+ e5 50. Be3 Bxc5 51.
Bxc5 Rxc5 52. Rg8 Kf7 53. Rd8 e4 54. Rd2 Rc3 55. Re2 Kg6 56. Rd2 Ra3 57. Kh3 Rf3 58.
Kg2 Ra3 59. Rd6+ Kh5 60. Rf6 Rf3 61. Rf7 e3 62. Kxf3 exf2 63. Kxf2 1-0

[Event "*** SCC Grand Prix: Titled Tuesday Blitz"]
[Site "Chess.com"]
[Date "2020.09.29"]
[Round "8"]
[White "dianamirza"]
[Black "chesslh19"]
[Result "0-1"]
[WhiteElo "1943"]
[BlackElo "2174"]
[TimeControl "180+1"]
[EndTime "11:34:13 PDT"]
[Termination "chesslh19 won by resignation"]

1. e4 e5 2. Nf3 Nf6 3. Nxe5 d6 4. Nf3 Nxe4 5. Nc3 Nxc3 6. dxc3 Be7 7. Bf4 Nc6 8. Bb5 Bf6 9. O-O O-O 10. Qd2 Bg4 11. h3 Bxf3 12. gxf3 Ne5 13. Be2 Ng6 14. Be3 Be5 15.
f4 Bf6 16. Kh2 Re8 17. Rg1 d5 18. Rg4 c6 19. Rag1 Qd6 20. Kh1 b6 21. f5 Ne5 22.
Rxg7+ Bxg7 23. Bh6 Ng6 24. fxg6 fxg6 25. Bf4 Qe6 26. Bg4 Qe4+ 27. f3 Qe2 28. Qc1 Qe7 29. Qd2 Rad8 30. Bg5 Qd6 31. Bxd8 Qxd8 32. Qg5 Qxg5 33. Be6+ Rxe6 34. Rxg5 Re1+ 35. Kg2 Re2+ 36. Kg3 Rxc2 37. h4 Rxb2 38. h5 Rxa2 39. hxg6 hxg6 40. Rxg6 Kf7 41. Rxc6 Rc2 42. Rc7+ Kg6 43. Rxa7 Bxc3 44.
Ra6 Bd4 45. Kg4 Bc5 46. f4 Rg2+ 47. Kf3 Rf2+ 48. Kg3 Rf1 49. Kg4 Rg1+ 50. Kf3 Kf5 51. Ra8 Rf1+ 52. Kg3 Rg1+ 53. Kh2 Rg6 54. Rf8+ Rf6 55.
Rd8 Ke4 56. Kg3 d4 57. Re8+ Kd3 58. Re5 Kc3 59. Kg4 d3 60. Kg5 Rf8 61. f5 d2 62.
Rd5 Kc2 63. f6 d1=Q 64. Rxd1 Kxd1 65. Kg6 b5 66. Kg7 Rxf6 67. Kxf6 b4 68. Ke5 b3 0-1

[Event "*** SCC Grand Prix: Titled Tuesday Blitz"]
[Site "Chess.com"]
[Date "2020.09.29"]
[Round "8"]
[White "UCantHandleDenker"]
[Black "LogoCzar"]
[Result "0-1"]
[WhiteElo "2555"]
[BlackElo "2441"]
[TimeControl "180+1"]
[EndTime "11:34:14 PDT"]
[Termination "LogoCzar won by checkmate"]

1. Nf3 d5 2. g3 Nf6 3. Bg2 g6 4.
O-O Bg7 5. d3 O-O 6. Nbd2 c6 7.
e4 dxe4 8. dxe4 Qc7 9. Qe2 e5 10. a4 h6 11. b3 Be6 12. Bb2 Nfd7 13. Nc4 Na6 14. Rad1 Rfd8 15. Nh4 Nf8 16. Bc3 Rxd1 17. Rxd1 Rd8 18. Rxd8 Qxd8 19. Nxe5 Qc7 20. f4 g5 21. Nhf3 gxf4 22. gxf4 f5 23. exf5 Bxf5 24. Nd4 Bc8 25. Qc4+ Kh8 26. Nf7+ Kh7 27. Be4+ Ng6 28. f5 Bxd4+ 29.
Bxd4 Nh4 30. f6+ Bf5 31. Qd3 Qf4 32. Bxf5+ Nxf5 33. Bf2 Nb4 34. Qd7 Qg4+ 35. Bg3 Qd4+ 36. Qxd4 Nxd4 37. Nd6 Ne2+ 38. Kf2 Nxg3 39. hxg3 Nxc2 40.
Nxb7 Kg6 41. Nd8 Nd4 42. f7 Kg7 43. b4 a6 44. a5 Nc2 45. Nxc6 Kxf7 46. Kf3 Ke6 47.
Ke4 Kd6 48. Kd3 Ne1+ 49. Ke2 Kxc6 50. Kxe1 Kb5 51. Ke2 Kxb4 52. Kf3 Kxa5 53. Kg4 Kb4 54. Kh5 a5 55. Kxh6 a4 56. g4 a3 57. g5 a2 58. g6 a1=Q 59. g7 Qh1+ 60. Kg6 Qg2+ 61. Kf7 Qf3+ 62. Ke7 Qg4 63. Kf7 Qf5+ 64. Ke7 Qg6 65.
Kf8 Qf6+ 66. Kg8 Kc5 67. Kh7 Qf7 68. Kh8 Qh5+ 69. Kg8 Kd6 70. Kf8 Qf5+ 71. Ke8 Qg6+ 72. Kf8 Qf6+ 73. Kg8 Ke6 74. Kh7 Qf7 75. Kh8 Qh5+ 76.
Kg8 Kf6 77. Kf8 Qf7# 0-1

[Event "*** SCC Grand Prix: Titled Tuesday Blitz"]
[Site "Chess.com"]
[Date "2020.09.29"]
[Round "8"]
[White "zmeeed67"]
[Black "esrosenberg"]
[Result "1-0"]
[WhiteElo "2380"]
[BlackElo "2217"]
[TimeControl "180+1"]
[EndTime "11:34:18 PDT"]
[Termination "zmeeed67 won by checkmate"]

1. e4 e5 2. Nf3 Nc6 3. c3 Nf6 4. d4 exd4 5. e5 Ne4 6. cxd4 Bb4+ 7. Nbd2 O-O 8. Be2 d6 9. O-O Nxd2 10. Bxd2 Bxd2 11.
Qxd2 dxe5 12. d5 Ne7 13. Bc4 Qd6 14. Rfe1 f6 15. h3 Bf5 16. Rad1 Rad8 17. Bb3 Bg6 18. Qe3 a6 19. Qa7 Rb8 20. Nd2 Kh8 21. Nc4 Qb4 22. Kf1 b5 23. Ne3 Qd6 24. Ng4 Rfd8 25. Qe3 Qb6 26. Qd2 Rd6 27. Qc3 a5 28.
a3 b4 29. axb4 Qxb4 30. Qxc7 Nf5 31. Bc2 h5 32. Bxf5 Bxf5 33. Ne3 Be4 34. Qf7 Rdb6 35. Qxh5+ Bh7 36. Nf5 Qxb2 37. Ne7 Qb5+ 38. Kg1 Qe8 39.
Qxe8+ Rxe8 40. d6 Rbb8 41. d7 Rxe7 42. d8=Q+ Rxd8 43. Rxd8+ Bg8 44. Ra8 Kh7 45. Rc1 e4 46. Rxa5 g6 47. Re1 f5 48. Rc1 f4 49. Rac5 e3 50.
fxe3 fxe3 51. Rc7 Rxc7 52. Rxc7+ Kh6 53. Kf1 Bd5 54. g3 Bf3 55. Re7 e2+ 56. Kf2 Bh5 57.
g4 Bxg4 58. hxg4 Kg5 59. Kg3 Kf6 60. Rxe2 g5 61. Re4 Kg6 62. Rc4 Kf6 63. Rc6+ Kf7 64.
Rb6 Kg7 65. Kf3 Kf7 66. Ke4 Ke7 67. Kf5 Kf7 68. Kxg5 Ke7 69. Kf5 Kd7 70. g5 Kc7 71. Re6 Kd7 72. g6 Kc7 73. g7 Kd7 74. g8=Q Kc7 75.
Qg7+ Kd8 76. Rh6 Ke8 77. Rh8# 1-0